| TOP OF THE 1ST |
|
West Virginia Black Bears batting - Pitching for Batavia Muckdogs : RHP Carlos Guerrero
|
|
Pitching: RHP Carlos Guerrero
|
|
|
Batting: LHB Norm Silveira-Wray
|
0-0: Ball 1-0: Swinging Strike 1-1: Swinging Strike 1-2: Strikes out swinging
|
|
Batting: RHB Brandon White
|
0-0: Ball 1-0: Fly out, F9 (Flyball, 89D, EV 101.9 MPH)
|
|
Batting: LHB Josh Aerni
|
0-0: Called Strike 0-1: Ball 1-1: Called Strike 1-2: Ground out 6-3 (Groundball, 6, EV 108.8 MPH)
|
| Top of the 1st over - 0 runs, 0 hits, 0 errors, 0 left on base; West Virginia 0 - Batavia 0 |
| BOTTOM OF THE 1ST |
|
Batavia Muckdogs batting - Pitching for West Virginia Black Bears : RHP Jerry Spitler
|
|
Pitching: RHP Jerry Spitler
|
|
|
Batting: SHB Justin Corbett
|
0-0: Ball 1-0: Ground out 5-3 (Groundball, 56S, EV 63.1 MPH)
|
|
Batting: RHB Hiromitsu Yamada
|
0-0: Ground out 4-3 (Groundball, 4, EV 78.8 MPH)
|
|
Batting: RHB Reomel Somera
|
0-0: Called Strike 0-1: Ground out 5-3 (Groundball, 5, EV 88.8 MPH)
|
| Bottom of the 1st over - 0 runs, 0 hits, 0 errors, 0 left on base; West Virginia 0 - Batavia 0 |
| TOP OF THE 2ND |
|
West Virginia Black Bears batting - Pitching for Batavia Muckdogs : RHP Carlos Guerrero
|
|
Batting: RHB Jaime Dubicki
|
0-0: Called Strike 0-1: Swinging Strike 0-2: Foul Ball, location: 2F 0-2: Strikes out swinging
|
|
Batting: RHB Tim Moore
|
0-0: Ball 1-0: Fly out, F9 (Flyball, 89D, EV 103.8 MPH)
|
|
Batting: RHB Seung-mun Kim
|
0-0: Ball 1-0: Foul Ball, location: 2F 1-1: Ball 2-1: Ball 3-1: Foul Ball, location: 2F 3-2: Base on Balls
|
|
Batting: RHB Brian Moore
|
0-0: Called Strike 0-1: Called Strike 0-2: Strikes out swinging
|
| Top of the 2nd over - 0 runs, 0 hits, 0 errors, 1 left on base; West Virginia 0 - Batavia 0 |
| BOTTOM OF THE 2ND |
|
Batavia Muckdogs batting - Pitching for West Virginia Black Bears : RHP Jerry Spitler
|
|
Batting: RHB Justin Dunham
|
0-0: SINGLE (Groundball, P, EV 85.6 MPH) (infield hit)
|
|
Batting: RHB George Boivin
|
0-0: Ball 1-0: Ball 2-0: Ground out 5-3 (Groundball, 5S, EV 65.6 MPH) Justin Dunham to second
|
|
Batting: RHB Jim Fisher
|
0-0: Ball 1-0: Foul Ball, location: 2F 1-1: Ground out 5-3 (Groundball, 56, EV 88.8 MPH)
|
|
Batting: RHB Andy Kelly
|
0-0: Ball 1-0: Ball 2-0: Ball 3-0: Base on Balls
|
|
Batting: RHB Jeremy Dennis
|
0-0: Foul Ball, location: 2F 0-1: Ball 1-1: Called Strike 1-2: Hit by Pitch Justin Dunham to third Andy Kelly to second
|
|
Batting: RHB Calvin Morin
|
0-0: Ball 1-0: Foul Ball, location: 2F 1-1: Foul Ball, location: 2F 1-2: Strikes out swinging
|
| Bottom of the 2nd over - 0 runs, 1 hit, 0 errors, 3 left on base; West Virginia 0 - Batavia 0 |
| TOP OF THE 3RD |
|
West Virginia Black Bears batting - Pitching for Batavia Muckdogs : RHP Carlos Guerrero
|
|
Batting: RHB Terrence Wilson
|
0-0: Called Strike 0-1: Foul Ball, location: 2F 0-2: Ball 1-2: Fly out, F5 (Line Drive, 5, EV 71.2 MPH)
|
|
Batting: RHB Tyler West
|
0-0: Ground out 5-3 (Groundball, 5, EV 103.1 MPH)
|
|
Batting: LHB Norm Silveira-Wray
|
0-0: Ball 1-0: Ball 2-0: Swinging Strike 2-1: Ball 3-1: Base on Balls
|
|
Batting: RHB Brandon White
|
0-0: Ball 1-0: Ball Norm Silveira-Wray steals 2nd base 2-0: Called Strike 2-1: Ball 3-1: Ground out U3 (Groundball, 3S, EV 91.2 MPH)
|
| Top of the 3rd over - 0 runs, 0 hits, 0 errors, 1 left on base; West Virginia 0 - Batavia 0 |
| BOTTOM OF THE 3RD |
|
Batavia Muckdogs batting - Pitching for West Virginia Black Bears : RHP Jerry Spitler
|
|
Batting: SHB Justin Corbett
|
0-0: Called Strike 0-1: Called Strike 0-2: Foul Ball, location: 2F 0-2: Ball 1-2: SINGLE (Groundball, 6S, EV 56.2 MPH) (infield hit)
|
|
Batting: RHB Hiromitsu Yamada
|
0-0: Called Strike 0-1: Ball 1-1: Fielders Choice at 2nd, 6-4 (Groundball, 6, EV 86.9 MPH)
|
|
Batting: RHB Reomel Somera
|
0-0: Called Strike Hiromitsu Yamada steals 2nd, throwing error, E2 Hiromitsu Yamada to third 0-1: Swinging Strike 0-2: Ball 1-2: Foul Ball, location: 2F 1-2: SINGLE (Line Drive, 6D, EV 105.0 MPH) Hiromitsu Yamada scores
|
|
Batting: RHB Justin Dunham
|
0-0: Ball 1-0: Ball 2-0: Ball 3-0: Called Strike 3-1: Foul Ball, location: 2F 3-2: Strikes out swinging
|
|
Batting: RHB George Boivin
|
0-0: Swinging Strike 0-1: Foul Ball, location: 2F 0-2: Strikes out swinging
|
| Bottom of the 3rd over - 1 run, 2 hits, 1 error, 1 left on base; West Virginia 0 - Batavia 1 |
| TOP OF THE 4TH |
|
West Virginia Black Bears batting - Pitching for Batavia Muckdogs : RHP Carlos Guerrero
|
|
Batting: LHB Josh Aerni
|
0-0: Ground out 4-3 (Groundball, 4, EV 84.4 MPH)
|
|
Batting: RHB Jaime Dubicki
|
0-0: Ball 1-0: Ball 2-0: Swinging Strike 2-1: Foul Ball, location: 2F 2-2: Foul Ball, location: 2F 2-2: Ball 3-2: Foul Ball, location: 2F 3-2: Strikes out swinging
|
|
Batting: RHB Tim Moore
|
0-0: Ball 1-0: Ball 2-0: Called Strike 2-1: Ground out 2-3 (Groundball, 13S, EV 66.9 MPH)
|
| Top of the 4th over - 0 runs, 0 hits, 0 errors, 0 left on base; West Virginia 0 - Batavia 1 |
| BOTTOM OF THE 4TH |
|
Batavia Muckdogs batting - Pitching for West Virginia Black Bears : RHP Jerry Spitler
|
|
Batting: RHB Jim Fisher
|
0-0: Swinging Strike 0-1: Ball 1-1: Fly out, F9 (Flyball, 9LD, EV 101.2 MPH)
|
|
Batting: RHB Andy Kelly
|
0-0: Ball 1-0: Ground out U3 (Groundball, 34, EV 101.2 MPH)
|
|
Batting: RHB Jeremy Dennis
|
0-0: Ball 1-0: Ground out 6-3 (Groundball, 6, EV 93.1 MPH)
|
| Bottom of the 4th over - 0 runs, 0 hits, 0 errors, 0 left on base; West Virginia 0 - Batavia 1 |
| TOP OF THE 5TH |
|
West Virginia Black Bears batting - Pitching for Batavia Muckdogs : RHP Carlos Guerrero
|
|
Batting: RHB Seung-mun Kim
|
0-0: Called Strike 0-1: Ball 1-1: Foul Ball, location: 2F 1-2: Strikes out swinging
|
|
Batting: RHB Brian Moore
|
0-0: Fly out, F4 (Flyball, 4D, EV 90.6 MPH)
|
|
Batting: RHB Terrence Wilson
|
0-0: Ball 1-0: Foul Ball, location: 2F 1-1: SINGLE (Line Drive, 8LS, EV 94.4 MPH)
|
|
Batting: RHB Tyler West
|
0-0: Called Strike Terrence Wilson is caught stealing 2nd base 2-4
|
| Top of the 5th over - 0 runs, 1 hit, 0 errors, 0 left on base; West Virginia 0 - Batavia 1 |
| BOTTOM OF THE 5TH |
|
Batavia Muckdogs batting - Pitching for West Virginia Black Bears : RHP Jerry Spitler
|
|
Batting: RHB Calvin Morin
|
0-0: Ball 1-0: Called Strike 1-1: Ground out U3 (Groundball, 23, EV 83.1 MPH)
|
|
Batting: SHB Justin Corbett
|
0-0: Called Strike 0-1: Ball 1-1: Called Strike 1-2: Ground out U3 (Groundball, 3S, EV 86.9 MPH)
|
|
Batting: RHB Hiromitsu Yamada
|
0-0: Ball 1-0: Called Strike 1-1: Called Strike 1-2: Foul Ball, location: 2F 1-2: Ball 2-2: Ball 3-2: SINGLE (Groundball, 6MD, EV 95.0 MPH)
|
|
Batting: RHB Reomel Somera
|
0-0: Ball 1-0: Ball 2-0: Foul Ball, location: 2F 2-1: Ground out 4-3 (Groundball, 34D, EV 76.2 MPH)
|
| Bottom of the 5th over - 0 runs, 1 hit, 0 errors, 1 left on base; West Virginia 0 - Batavia 1 |
| TOP OF THE 6TH |
|
West Virginia Black Bears batting - Pitching for Batavia Muckdogs : RHP Carlos Guerrero
|
|
Batting: RHB Tyler West
|
0-0: Ball 1-0: Foul Ball, location: 2F 1-1: Swinging Strike 1-2: Foul Ball, location: 2F 1-2: Ball 2-2: Ball 3-2: Fly out, F8 (Flyball, 8LD, EV 82.5 MPH)
|
|
Batting: LHB Norm Silveira-Wray
|
0-0: Called Strike 0-1: Ball 1-1: Ball 2-1: Ball 3-1: Foul Ball, location: 2F 3-2: Strikes out swinging, 2-3 out at first.
|
|
Batting: RHB Brandon White
|
0-0: Called Strike 0-1: Ball 1-1: Swinging Strike 1-2: Foul Ball, location: 2F 1-2: Strikes out swinging
|
| Top of the 6th over - 0 runs, 0 hits, 0 errors, 0 left on base; West Virginia 0 - Batavia 1 |
| BOTTOM OF THE 6TH |
|
Batavia Muckdogs batting - Pitching for West Virginia Black Bears : RHP Jerry Spitler
|
|
Batting: RHB Justin Dunham
|
0-0: Ball 1-0: Swinging Strike 1-1: Called Strike 1-2: Ball 2-2: Fly out, F8 (Flyball, 8LD, EV 98.1 MPH)
|
|
Batting: RHB George Boivin
|
0-0: Ball 1-0: Swinging Strike 1-1: Swinging Strike 1-2: Ball 2-2: Foul Ball, location: 2F 2-2: Strikes out looking
|
|
Batting: RHB Jim Fisher
|
0-0: Ground out 6-3 (Groundball, 6, EV 83.1 MPH)
|
| Bottom of the 6th over - 0 runs, 0 hits, 0 errors, 0 left on base; West Virginia 0 - Batavia 1 |
| TOP OF THE 7TH |
|
West Virginia Black Bears batting - Pitching for Batavia Muckdogs : RHP Carlos Guerrero
|
|
Pitching: LHP Brian Worthy
|
|
|
Batting: LHB Josh Aerni
|
0-0: Ball 1-0: Ball 2-0: SOLO HOME RUN (Flyball, 9D, EV 99.4 MPH), Distance : 382 ft
|
|
Batting: RHB Jaime Dubicki
|
0-0: Called Strike 0-1: Swinging Strike 0-2: SINGLE (Line Drive, 56D, EV 96.9 MPH)
|
|
Batting: RHB Tim Moore
|
0-0: Ball 1-0: Called Strike 1-1: Ball Wild Pitch! Jaime Dubicki to second 2-1: Swinging Strike 2-2: Ball 3-2: Base on Balls
|
|
Batting: RHB Seung-mun Kim
|
0-0: Fly out, F8 (Flyball, 8RM, EV 88.1 MPH)
|
|
Batting: RHB Brian Moore
|
0-0: Grounds into double play, 4-6-3 (Groundball, 4, EV 94.4 MPH)
|
| Top of the 7th over - 1 run, 2 hits, 0 errors, 1 left on base; West Virginia 1 - Batavia 1 |
| BOTTOM OF THE 7TH |
|
Batavia Muckdogs batting - Pitching for West Virginia Black Bears : RHP Jerry Spitler
|
|
Pitching: RHP Frank Morris
|
|
|
Batting: RHB Andy Kelly
|
0-0: Ball 1-0: Foul Ball, location: 2F 1-1: Called Strike 1-2: Ball 2-2: Ball 3-2: Ground out 1-3 (Groundball, 34S, EV 62.5 MPH)
|
|
Batting: RHB Jeremy Dennis
|
0-0: Ball 1-0: Called Strike 1-1: Foul Ball, location: 2F 1-2: Ball 2-2: Strikes out swinging
|
|
Batting: RHB Calvin Morin
|
0-0: Called Strike 0-1: Called Strike 0-2: Strikes out swinging
|
| Bottom of the 7th over - 0 runs, 0 hits, 0 errors, 0 left on base; West Virginia 1 - Batavia 1 |
| TOP OF THE 8TH |
|
West Virginia Black Bears batting - Pitching for Batavia Muckdogs : LHP Brian Worthy
|
|
Batting: RHB Terrence Wilson
|
0-0: SINGLE (Groundball, 6D, EV 100.0 MPH)
|
|
Batting: RHB Tyler West
|
0-0: Ball 1-0: Called Strike 1-1: Ball 2-1: Foul Ball, location: 2F 2-2: Fielders Choice at 2nd, 4-6 (Groundball, 4, EV 90.6 MPH)
|
|
Pinch Hitting: RHB John DeVillier
|
Pickoff Throw to First - Out! 1-3 0-0: Called Strike 0-1: Swinging Strike 0-2: Strikes out swinging
|
| Top of the 8th over - 0 runs, 1 hit, 0 errors, 0 left on base; West Virginia 1 - Batavia 1 |
| BOTTOM OF THE 8TH |
|
Batavia Muckdogs batting - Pitching for West Virginia Black Bears : RHP Frank Morris
|
|
Now at 1B: Aito Harada
|
|
|
Batting: SHB Justin Corbett
|
0-0: Ball 1-0: Ball 2-0: Ball 3-0: Base on Balls
|
|
Batting: RHB Hiromitsu Yamada
|
0-0: Bunt missed! 0-1: Ball 1-1: Called Strike Justin Corbett steals 2nd base 1-2: Ball 2-2: Ball 3-2: Fly out, F9 (Flyball, 89M, EV 95.6 MPH)
|
|
Batting: RHB Reomel Somera
|
0-0: Ground out 5-3 (Groundball, 56, EV 98.1 MPH)
|
|
Batting: RHB Justin Dunham
|
0-0: Ball 1-0: Ball 2-0: Ground out 4-3 (Groundball, 4, EV 108.8 MPH)
|
| Bottom of the 8th over - 0 runs, 0 hits, 0 errors, 1 left on base; West Virginia 1 - Batavia 1 |
| TOP OF THE 9TH |
|
West Virginia Black Bears batting - Pitching for Batavia Muckdogs : LHP Brian Worthy
|
|
Batting: RHB Brandon White
|
0-0: Ball 1-0: Foul Ball, location: 2F 1-1: Ball 2-1: Foul Ball, location: 2F 2-2: Foul Ball, location: 2F 2-2: Strikes out swinging
|
|
Batting: LHB Josh Aerni
|
0-0: Called Strike 0-1: Ball 1-1: Swinging Strike 1-2: Ground out 4-3 (Groundball, 13, EV 82.5 MPH)
|
|
Batting: RHB Jaime Dubicki
|
0-0: Ball 1-0: Foul Ball, location: 2F 1-1: Ball 2-1: Ball 3-1: Base on Balls
|
|
Batting: RHB Tim Moore
|
0-0: Ball 1-0: Ball 2-0: Ball 3-0: Hit by Pitch Jaime Dubicki to second
|
|
Batting: RHB Seung-mun Kim
|
0-0: Ball 1-0: Ball 2-0: Swinging Strike 2-1: Ball Passed Ball! Jaime Dubicki to third Tim Moore to second 3-1: Base on Balls
|
|
Batting: RHB Brian Moore
|
0-0: Called Strike 0-1: Swinging Strike 0-2: Ball Passed Ball! Jaime Dubicki scores Tim Moore to third Seung-mun Kim to second 1-2: Ball 2-2: Ball Wild Pitch! Tim Moore scores Seung-mun Kim to third 3-2: Strikes out swinging
|
| Top of the 9th over - 2 runs, 0 hits, 0 errors, 1 left on base; West Virginia 3 - Batavia 1 |
| BOTTOM OF THE 9TH |
|
Batavia Muckdogs batting - Pitching for West Virginia Black Bears : RHP Frank Morris
|
|
Pitching: RHP Joel Olausson
|
|
|
Now in LF: Brandon White
|
|
|
Now in RF: Tom Tate
|
|
|
Batting: RHB George Boivin
|
0-0: Foul Ball, location: 2F 0-1: Ball 1-1: Ball 2-1: Swinging Strike 2-2: Foul Ball, location: 2F 2-2: Ball 3-2: Strikes out swinging
|
|
Batting: RHB Jim Fisher
|
0-0: Foul Ball, location: 2F 0-1: Called Strike 0-2: Strikes out looking
|
|
Batting: RHB Andy Kelly
|
0-0: Ball 1-0: Ball 2-0: Called Strike 2-1: Ground out 4-3 (Groundball, 4M, EV 89.4 MPH)
|
| Bottom of the 9th over - 0 runs, 0 hits, 0 errors, 0 left on base; West Virginia 3 - Batavia 1 |
|